 Dungeon Crawl Stone Soup version 0.31-a0-229-g1fc7ce93e2 (webtiles) character file.

Game seed: 2440204845368004909

86 qw the Shooter (level 4, 0/26 HPs)
             Began as a Gargoyle Hexslinger on July 6, 2023.
             Slain by Pargi (7 damage)
             ... in a sewer.
             The game lasted 00:00:48 (1850 turns).

qw the Shooter (Gargoyle Hexslinger)                Turns: 1850, Time: 00:00:48

Health: 0/26       AC: 13    Str: 11    XL:     4   Next: 49%
Magic:  5/5        EV: 10    Int: 14    God:
Gold:   67         SH:  0    Dex: 14    Spells: 4/5 levels left

rFire   . . .        Y - +2 sling
rCold   . . .        (no shield)
rNeg    + . .        h - +0 ring mail
rPois   inf          e - +2 helmet
rElec   +            b - +0 cloak
rCorr   .            (no gloves)
SInv    .            (no boots)
Will    .....        (no amulet)
Stlth   +            (no ring)
HPRegen 0.24/turn    (no ring)
MPRegen 0.09/turn

%: no passive effects
@: no status effects
A: sickness immunity, AC +3, negative energy resistance 1, electricity
resistance, torment resistance 1, petrification resistance
a: no special abilities


You were in a sewer.
You visited 1 branch of the dungeon, and saw 3 of its levels.
You also visited: Sewer.

You collected 67 gold pieces.


Innate Abilities, Weirdness & Mutations

You are immune to sickness and miasma.
Your stone body is resilient. (AC +3)
You are immune to poison.
You resist negative energy. (rN+)
You are resistant to electric shocks. (rElec)
You are resistant to unholy torment.
You are immune to petrification.


   Skills:
 - Level 2.0 Fighting
 + Level 4.0 Ranged Weapons
 - Level 1.3 Armour
 - Level 1.5 Dodging
 - Level 1.0 Spellcasting
 - Level 2.6 Hexes


You had 4 spell levels left.
You knew the following spells:

 Your Spells              Type           Power      Damage    Failure   Level
a - Slow                  Hex            32%        N/A       21%         1

Your spell library contained the following spells:

 Spells                   Type           Power      Damage    Failure   Level
 Inner Flame              Hex/Fire       4%         N/A       71%         3
 Portal Projectile        Hex/Tloc       8%         N/A       71%         3
 Cause Fear               Hex            4%         N/A       90%         4

Inventory:

Hand Weapons
 Y - a +2 sling (weapon)
Armour
 b - a +0 cloak (worn)
 e - a +2 helmet (worn)
 h - a +0 ring mail (worn)
Scrolls
 c - a scroll of teleportation
 g - a scroll of identify
Potions
 a - a potion of haste {unknown}
 d - 2 potions of resistance
 i - a potion of lignification {unknown}

Dungeon Overview and Level Annotations

Branches:
Dungeon (3/15)              Sewer (1/1)

Altars:

Annotations:
Sewer Pargi


Message History

Pargi closely misses you. Pargi claws you. Pargi claws you but does no damage.
You shoot a sling bullet. The sling bullet hits Pargi!
Pargi is severely wounded.
Pargi bites you but does no damage. Pargi claws you but does no damage.
Pargi barely misses you. Pargi closely misses you.
Pargi claws you but does no damage. x2
You shoot a sling bullet. The sling bullet closely misses Pargi.
Pargi barely misses you. x3
You shoot a sling bullet. The sling bullet hits Pargi.
Pargi is severely wounded.
Pargi bites you. Pargi claws you. Pargi claws you but does no damage.
You shoot a sling bullet. The sling bullet hits Pargi.
Pargi is almost dead.
Pargi barely misses you. Pargi claws you. Pargi claws you but does no damage.
Pargi bites you but does no damage. Pargi claws you but does no damage.
Pargi claws you.
You shoot a sling bullet. The sling bullet barely misses Pargi.
Pargi misses you. Pargi claws you but does no damage. Pargi barely misses you.
You shoot a sling bullet. The sling bullet hits Pargi.
Pargi is almost dead.
Pargi bites you but does no damage. Pargi claws you but does no damage. x2
You shoot a sling bullet. The sling bullet misses Pargi.
Pargi misses you. Pargi claws you but does no damage. Pargi closely misses you.
Pargi barely misses you. Pargi claws you but does no damage. x2
You shoot a sling bullet. The sling bullet closely misses Pargi.
Pargi bites you but does no damage. Pargi claws you but does no damage.
Pargi barely misses you.
You shoot a sling bullet.
The sling bullet hits Pargi but does no damage.
Pargi is severely wounded.
Pargi barely misses you. Pargi claws you but does no damage. x2
You shoot a sling bullet. The sling bullet hits Pargi.
Pargi is almost dead.
Pargi barely misses you. Pargi claws you but does no damage.
Pargi barely misses you. Pargi bites you. Pargi barely misses you.
Pargi claws you but does no damage.
You shoot a sling bullet. The sling bullet hits Pargi.
Pargi is almost dead.
Pargi bites you!
You die...

### #\# #.#
#+##+##+##.##+##+##
######..................
~~~~~#~~~~~~~~~.~~~~~~~~
~~~~~#~~~~~~~~~\~~~~~~~~
~~~~~#~~~~~~~~~.~~~~~~~~
#.@................
#T##'##)##'##'##'## #.
#.##.##.##.##.## #)
#.##(##.##.##[## ##
################


You could see Pargi.

Vanquished Creatures
  3 adders (D:2)
  3 dart slugs (D:1)
  3 endoplasms
  3 giant cockroaches
  7 goblins
  4 hobgoblins
  3 kobolds
  A quokka (D:2)
  8 ball pythons
  4 bats
  5 frilled lizards
  6 rats
50 creatures vanquished.

Notes
Turn   | Place    | Note
-------+----------+-------------------------------------------
     0 | D:1      | qw the Gargoyle Hexslinger began the quest for the Orb.
     0 | D:1      | Reached XP level 1. HP: 12/12 MP: 2/2
     0 | D:1      | 0 ||| qw: Version: 0.3-a-46-gb1f654a
     0 | D:1      | 0 ||| qw: Game counter: 1320
     0 | D:1      | 0 ||| qw: Melee chars always use a shield: true
     0 | D:1      | 0 ||| qw: God list: Okawaru
     0 | D:1      | 0 ||| qw: Allow faded altars: false
     0 | D:1      | 0 ||| qw: Do Orc after clearing Dungeon:15 true
     0 | D:1      | 0 ||| qw: Do second Lair branch before Depths: true
     0 | D:1      | 0 ||| qw: Lair rune preference: random
     0 | D:1      | 0 ||| qw: Goals: Normal
     0 | D:1      | 0 ||| PLANNING D:1-11
   250 | D:1      | Reached XP level 2. HP: 16/16 MP: 3/3
   291 | D:1      | Reached skill level 3 in Ranged Weapons
   386 | D:1      | Reached XP level 3. HP: 15/21 MP: 4/4
   830 | D:1      | 830 ||| UPGRADING to +2 helmet.
   835 | D:1      | 835 ||| UPGRADING to +0 ring mail.
   845 | D:1      | 845 ||| DROPPING +0 robe.
   846 | D:1      | 846 ||| READING scroll labelled EHINAT COCUE.
   851 | D:1      | 851 ||| READING 2 scrolls labelled SORCHE RIPO.
   852 | D:1      | 852 ||| DROPPING scroll of poison.
  1000 | D:2      | Reached skill level 1 in Armour
  1140 | D:2      | Reached XP level 4. HP: 26/26 MP: 5/5
  1687 | D:2      | 1687 ||| UPGRADING to +0 cloak.
  1692 | D:2      | 1692 ||| READING scroll labelled NOTAOS FARGHITSI.
  1693 | D:2      | 1693 ||| READING scroll labelled JEESECSIZAR.
  1694 | D:2      | 1694 ||| READING 2 scrolls of identify.
  1694 | D:2      | 1694 ||| IDENTIFYING orange potion
  1723 | D:3      | 1723 ||| PLANNING SEWER
  1767 | D:3      | Found a glowing drain.
  1781 | D:3      | Reached skill level 4 in Ranged Weapons
  1784 | Sewer    | Entered a sewer
  1820 | Sewer    | Noticed Pargi
  1850 | Sewer    | Slain by Pargi

Levels and vault maps discovered:
D:1:      matt_arrival_spirals, layout_basic, minmay_strange_pillars
D:2:      layout_basic
D:3:      layout_rooms, cheibrodos_sewer_entry_sluice,
          gammafunk_ghost_abyssal_escape
Sewer:    kennysheep_door_sewer

Skill      XL: |  1  2  3  4 |
---------------+-------------+-----
Ranged Weapons | 3 4 |  4.0
Fighting       | 2 |  2.0
Armour         | 1 |  1.3
Dodging        | |  1.5
Spellcasting   | |  1.0
Hexes          | |  2.6

Action                     |  1- 3 |  4- 6 || total
---------------------------+-------+-------++-------
   Fire: Sling             |   108 |    96 ||   204
    Use: Scroll            |     2 |     3 ||     5
 Armour: Robe              |     5 |       ||     5
         Ring mail         |    15 |    83 ||    98
  Dodge: Dodged            |    35 |    63 ||    98

Table legend:
 A = Non-vault XP
 B = Vault XP
 C = Vault XP percentage of total XP
 D = Non-vault monster count
 E = Vault monster count
 F = Vault count percentage of total count
                 A         B        C        D         E       F
            +---------+---------+-------+---------+---------+-------
      Total |     118 |       5 |   4.1 |      47 |       3 |   6.0
            +---------+---------+-------+---------+---------+-------
        D:1 |      39 |       0 |   0.0 |      21 |       0 |   0.0
        D:2 |      73 |       0 |   0.0 |      22 |       0 |   0.0
        D:3 |       6 |       4 |  40.0 |       4 |       2 |  33.3
      Sewer |       0 |       1 | 100.0 |       0 |       1 | 100.0
            +---------+---------+-------+---------+---------+-------
